 Dungeon Crawl Stone Soup version 0.19-GnollCrawlA-1-g03664ee (webtiles) character file.

316 bananaken the Ducker (level 1, -3/11 HPs)
             Began as a Spriggan Monk on Feb 9, 2017.
             Was a Believer of Yredelemnul.
             Slain by bananaken's ghost (9 damage)
             ... on level 4 of the Dungeon.
             The game lasted 00:23:02 (4310 turns).

bananaken the Ducker (Spriggan Monk)                Turns: 4310, Time: 00:23:07

Health: -3/11      AC:  2    Str:  7    XL:     1   Next: 0%
Magic:  3/3        EV: 20    Int: 11    God:    Yredelemnul [**....]
Gold:   168        SH:  0    Dex: 18    Spells: 0 memorised, 0 levels left

rFire  . . .     SeeInvis +     h - +3 spear (antimagic)
rCold  . . .     Gourm    .     b - +0 robe
rNeg   . . .     Faith    .     (shield currently unavailable)
rPois  .         Spirit   .     (helmet restricted)
rElec  .         Dismiss  .     (no cloak)
rCorr  .         Reflect  .     (gloves unavailable)
SustAt .         Harm     .     (boots unavailable)
MR     .....                    d - amulet of magic regeneration
Stlth  ++++......               v - ring of stealth
                                q - ring of magical power

@: very quick
A: unfitting armour, see invisible, herbivore 3, speed 3, slow metabolism 2
a: Animate Remains, Recall Undead Slaves, Injury Mirror, Renounce Religion


You were on level 4 of the Dungeon.
You worshipped Yredelemnul.
Yredelemnul was pleased with you.
You were not hungry.

You visited 2 branches of the dungeon, and saw 5 of its levels.

You collected 168 gold pieces.

Inventory:

Hand Weapons
 a - a +0 spear
 h - a +3 antimagic spear (weapon)
 o - a +0 hunting sling
Missiles
 j - 30 poisoned needles
 t - 18 sling bullets
 u - 34 stones (quivered)
Armour
 b - a +0 robe (worn)
Jewellery
 d - an amulet of magic regeneration (around neck)
 q - a ring of magical power (left hand)
 v - a ring of stealth (right hand)
 y - an uncursed ring of poison resistance
Wands
 g - a wand of lightning (0/15)
Scrolls
 k - a scroll of remove curse {unknown}
 l - 2 scrolls of recharging {unknown}
 p - a scroll of identify
 s - a scroll of enchant armour {unknown}
 B - a scroll of magic mapping {unknown}
Potions
 e - 4 potions of curing {unknown}
 i - a potion of magic {unknown}
 m - 2 potions of lignification {unknown}
 r - a potion of cancellation {unknown}
 x - a potion of agility {unknown}
 z - 2 potions of degeneration {unknown}
 A - a potion of beneficial mutation {unknown}
Comestibles
 c - 4 bread rations
 f - 3 slices of pizza
 w - 3 fruits


   Skills:
 + Level 2.4 Fighting
 + Level 2.1 Polearms
 + Level 4.4 Dodging
 + Level 3.0 Stealth


You couldn't memorise any spells.
You didn't know any spells.

Dungeon Overview and Level Annotations

Branches:
Dungeon (4/15)             Temple (1/1) D:2

Altars:
Ashenzari
Dithmenos
Elyvilon
Fedhas
Hepliaklqana
Kikubaaqudgha
Nemelex Xobeh
Okawaru
Pakellas
Qazlal
Ru
Sif Muna
Trog
Vehumet
Xom
Yredelemnul
Zin
The Shining One

Annotations:
D:4 bananaken's ghost, weakling CeWr


Innate Abilities, Weirdness & Mutations

You are tiny and cannot use many weapons and most armour.
You have supernaturally acute eyesight. (SInv)
You are a herbivore.
You cover ground extremely quickly.
You need consume almost no food.


Message History

Bananaken's ghost is almost destroyed.
Bananaken's ghost hits you.
Ouch! That really hurt!
Bananaken's ghost wails, "There is no future for me!"
Attack whom?
Press: ? - help, Dir - move target cursor, f/p - bananaken's ghost
Aim: bananaken's ghost (almost destroyed)
You reach to attack!
You hit bananaken's ghost.
Bananaken's ghost is almost destroyed.
There is an open door here.
Attack whom?
Press: ? - help, Dir - move target cursor, f/p - bananaken's ghost
Aim: bananaken's ghost (almost destroyed)
You reach to attack!
You hit bananaken's ghost but do no damage.
Bananaken's ghost is almost destroyed.
Bananaken's ghost hits you!
Ouch! That really hurt!
You die...
Your body rises from the dead as a mindless zombie.

..# ##............# .##
##.#########)#### .# #.#
#......# .# #.# #.#.##.## .#
##'## #.#.#...# .# ##...##
#.#..)#.# .### ##.....##
#.###...# .#.## ##......W##
#.#.##Z####
....####........@###....(....#
.......+.........'...........#
....####.........####........#
.#.## ##.......## ##......<#
.#########.....## #.......#
........###...## #.......#
#.......# ##'## #.......#
#.#####.# #.# ####.####
..#####.####.###### #.#


You could see bananaken's ghost.

Vanquished Creatures
  28 gnolls
28 creatures vanquished.

Vanquished Creatures (collateral kills)
  8 gnolls
8 creatures vanquished.

Vanquished Creatures (others)
  10 gnoll zombies
10 creatures vanquished.

Grand Total: 46 creatures vanquished

Notes
Turn   | Place    | Note
-------+----------+-------------------------------------------
     0 | D:1      | bananaken the Spriggan Monk began the quest for the Orb.
     0 | D:1      | Reached XP level 1. HP: 11/11 MP: 2/2
   771 | D:2      | Found a glowing golden altar of the Shining One.
   772 | D:2      | Found a blossoming altar of Fedhas.
  1065 | D:2      | Found a staircase to the Ecumenical Temple.
  1069 | Temple   | Entered the Ecumenical Temple
  1184 | Temple   | Became a worshipper of Yredelemnul the Dark
  1184 | Temple   | Reached * piety under Yredelemnul
  1184 | Temple   | Reached ** piety under Yredelemnul
  2694 | D:3      | Found a faded altar of an unknown god.
  4255 | D:4      | Noticed bananaken's ghost (weakling CeWr)
  4310 | D:4      | Slain by bananaken's ghost

Action                   || total
-------------------------++-------
Melee: Spear             ||   179
 Fire: Hunting sling     ||    29
Invok: Animate Remains   ||    14
       Recall Undead Sla ||     1
Evoke: Wand              ||    11
  Use: Scroll            ||     2
 Stab: Sleeping          ||     6
       Distracted        ||     2
Armor: Robe              ||     1
Dodge: Dodged            ||    14
